 Dungeon Crawl Stone Soup version 0.30-a0-4-ga7cffc901d (webtiles) character file.

Game seed: 11985707374971037438

7 Setbun the Cutter (level 2, -1/19 HPs)
             Began as a Kobold Berserker on Aug 20, 2022.
             Was a Follower of Trog.
             Slain by a goblin
             ... wielding a +0 club
              (4 damage)
             ... on level 1 of the Dungeon.
             The game lasted 00:00:31 (162 turns).

Setbun the Cutter (Kobold Berserker)                 Turns: 162, Time: 00:00:31

Health: -1/19      AC:  2    Str: 14    XL:     2   Next: 5%
Magic:  2/2        EV: 14    Int:  8    God:    Trog [*.....]
Gold:   0          SH:  0    Dex: 14    Spells: 1/1 levels left

rFire   . . .      SeeInvis .    c - +1 dagger (vamp)
rCold   . . .      Faith    .    (no shield)
rNeg    . . .      Spirit   .    b - +0 animal skin
rPois   .          Reflect  .    (no helmet)
rElec   .          Harm     .    (no cloak)
rCorr   .          Rampage  .    (no gloves)
Will    .....                    (no boots)
Stlth   ++........               (no amulet)
HPRegen 0.06/turn                (no ring)
MPRegen 0.08/turn                (no ring)

@: no status effects
A: small, no large weapons, nightstalker 3
a: Renounce Religion, Berserk


You were on level 1 of the Dungeon.
You worshipped Trog.
Trog was aware of your devotion.
You visited 1 branch of the dungeon, and saw 1 of its levels.

Inventory:

Hand Weapons
 a - a +0 short sword
 c - a +1 vampiric dagger (weapon)
Armour
 b - a +0 animal skin (worn)


   Skills:
 + Level 3.5 Fighting
 + Level 4.3 Short Blades
 - Level 1.5 Armour
 - Level 2.4 Dodging


You had one spell level left.
You didn't know any spells.
Your spell library was empty.

Dungeon Overview and Level Annotations

Branches:
Dungeon (1/15)

Altars:


Innate Abilities, Weirdness & Mutations

You are small and have problems with some larger weapons.
You are completely attuned to the shadows.


Message History

There is an open door here.
You start resting.
You feel yourself speed up.
You start resting.
You recover from your berserk rage.
You start resting.
A goblin is nearby!
You hit the goblin but do no damage. The goblin hits you with a +0 club.
You hit the goblin but do no damage. The goblin hits you with a +0 club.
You barely miss the goblin. The goblin misses you.
You hit the goblin but do no damage. You hit the goblin but do no damage.
The goblin hits you with a +0 club.
* * * LOW HITPOINT WARNING * * *
You barely miss the goblin. The goblin closely misses you.
You barely miss the goblin. The goblin barely misses you.
You hit the goblin.
You feel better.
The goblin is heavily wounded.
You hit the goblin but do no damage.
The goblin is heavily wounded.
The goblin closely misses you.
You hit the goblin but do no damage.
The goblin is heavily wounded.
The goblin hits you with a +0 club.
* * * LOW HITPOINT WARNING * * *
You hit the goblin but do no damage.
The goblin is heavily wounded.
The goblin hits you with a +0 club.
* * * LOW HITPOINT WARNING * * *
You closely miss the goblin.
The goblin is heavily wounded.
The goblin misses you.
You barely miss the goblin.
The goblin is heavily wounded.
You hit the goblin but do no damage.
The goblin is heavily wounded.
The goblin completely misses you.
You hit the goblin but do no damage.
The goblin is heavily wounded.
The goblin hits you with a +0 club.
You die...

.....# #####....##
#...#......
#####.#.##...# .)
#.....#.@#'..###..
#.######.g#..#....
#.# #####.#.#.g
#+#'# #.(....
#...# #......
+.<.+ +.#.###
#...# #.#.# #+#+#
#.... #..#.#


You could see a goblin.

Vanquished Creatures
  An endoplasm (D:1)
  2 hobgoblins (D:1)
  A quokka (D:1)
  A bat (D:1)
  A kobold (D:1)
6 creatures vanquished.

Notes
Turn   | Place    | Note
-------+----------+-------------------------------------------
     0 | D:1      | Setbun the Kobold Berserker began the quest for the Orb.
     0 | D:1      | Reached XP level 1. HP: 14/14 MP: 1/1
    47 | D:1      | Reached XP level 2. HP: 4/19 MP: 2/2
   162 | D:1      | Slain by a goblin

Illustrated notes

Levels and vault maps discovered:
D:1:      nicolae_arrival_somewhat_less_tricky_arrival, layout_loops_cross

Action                   || total
-------------------------++-------
Melee: Short sword       ||    21
       Dagger            ||    15
Invok: Berserk           ||     1
Armor: Animal skin       ||     4
Dodge: Dodged            ||    30

Table legend: (Time is in decaauts)
 A = Elapsed time spent in this place.
 B = Non-inter-level travel time spent in this place.
 C = Inter-level travel time spent in this place.
 D = Time resting spent in this place.
 E = Time spent auto-exploring this place.
 F = Levels seen in this place.
 G = Mean time per level.
                   A        B        C        D        E       F      G
               +--------+--------+--------+--------+--------+-----+--------+
         Total |    168 |    168 |      0 |    106 |     19 |   1 |  168.0 |
       Dungeon |    168 |    168 |      0 |    106 |     19 |   1 |  168.0 |
               +--------+--------+--------+--------+--------+-----+--------+

Top non-repeatable levels by time:
     D:1: 168 daAuts
